 Dungeon Crawl Stone Soup version 0.27-a0-869-g165b36e3f0 (webtiles) character file.

Game seed: 544852333473570593

37 polve the Poker (level 3, -1/27 HPs)
             Began as a Demonspawn Gladiator on Apr 2, 2021.
             Killed from afar by a dart slug (2 damage)
             ... with a slug dart
             ... on level 2 of the Dungeon.
             The game lasted 00:00:46 (1436 turns).

polve the Poker (Demonspawn Gladiator)              Turns: 1436, Time: 00:00:47

Health: -1/27      AC:  4    Str: 14    XL:     3   Next: 21%
Magic:  3/3        EV: 12    Int: 10    God:
Gold:   124        SH:  4    Dex: 14    Spells: 2/2 levels left

rFire    . . .     SeeInvis .   a - +0 trident
rCold    . . .     Faith    .   (no shield)
rNeg     . . .     Spirit   .   b - +0 leather armour
rPois    .         Reflect  .   c - +0 helmet
rElec    .         Harm     .   (no cloak)
rCorr    .         Rampage  .   (no gloves)
Will     .....                  (no boots)
Stlth    +.........             (no amulet)
HPRegen  0.09/turn              (no ring)
MPRegen  0.08/turn              (no ring)

@: no status effects
A: large bone plates 1, powered by pain 1
a: no special abilities


You were on level 2 of the Dungeon.
You visited 1 branch of the dungeon, and saw 2 of its levels.

You collected 124 gold pieces.

Inventory:

Hand Weapons
 a - a +0 trident (weapon)
Missiles
 d - 3 throwing nets (quivered)
Armour
 b - a +0 leather armour (worn)
 c - a +0 helmet (worn)
Scrolls
 f - a scroll of identify {unknown}
 g - a scroll of blinking {unknown}
 h - a scroll of teleportation {unknown}
 i - a scroll of amnesia {unknown}
Potions
 e - a potion of might {unknown}
 j - a potion of lignification {unknown}
 k - 2 potions of curing {unknown}


   Skills:
 - Level 2.0 Fighting
 + Level 4.0 Polearms
 - Level 1.7 Throwing
 - Level 2.6 Dodging


You had 2 spell levels left.
You didn't know any spells.
Your spell library contained the following spells:

 Spells                   Type           Power      Damage    Failure   Level
 Confusing Touch          Hex            0%         N/A       82%         3
 Gell's Gravitas          Tloc           0%         N/A       82%         3
 Petrify                  Tmut/Erth      0%         N/A       99%         4
 Metabolic Englaciation   Hex/Ice        0%         N/A       100%        5
 Yara's Violent Unravell  Hex/Tmut       0%         3d3       100%        5


Dungeon Overview and Level Annotations

Branches:
Dungeon (2/15)

Altars:


Innate Abilities, Weirdness & Mutations

You are partially covered in large bone plates. (SH +4)
You sometimes gain a little power by taking damage.


Message History

You feel sick. The adder barely misses you. You block the kobold's attack.
You closely miss the adder.
The adder is almost dead.
You feel sick. The adder bites you but does no damage.
You block the kobold's attack.
You puncture the adder!
You kill the adder!
You feel sick.
You are no longer poisoned.
The kobold hits you with a +0 whip.
* * * LOW HITPOINT WARNING * * *
You have reached level 3!
Your experience leads to an increase in your attributes!
Increase (S)trength, (I)ntelligence, or (D)exterity?
You feel clever.
Your demonic ancestry asserts itself...
You feel energised by your suffering.
Found 6 gold pieces.
You miss the kobold. The kobold hits you but does no damage.
You hit the kobold.
The kobold is heavily wounded.
The kobold misses you.
You hit the kobold but do no damage.
The kobold is heavily wounded.
The kobold hits you with a +0 whip.
* * * LOW HITPOINT WARNING * * *
You puncture the kobold!
You kill the kobold!
Your Polearms skill increases to level 4!
You hit the dart slug.
The dart slug is heavily wounded.
The dart slug launches a dart at you. The slug dart misses you.
The dart slug bites you.
* * * LOW HITPOINT WARNING * * *
You block the dart slug's attack. The dart slug launches a dart at you.
The slug dart misses you. The dart slug launches a dart at you.
The slug dart hits you.
You die...

###....####..#
............♣##
.........≈≈≈≈.#
.##....##≈♣≈≈##
.......#....≈#
≈≈♣..†.....##
≈≈≈≈♣.)#.##.#
≈≈≈≈P?.#.##w#
≈≈≈≈≈....##@#
≈≈≈≈≈.............#
≈≈≈≈≈....##.#####.#
≈≈≈≈PP....#.#
≈.≈.≈P...##$# ≈.
..# . #.# ...


You could see a dart slug.

Vanquished Creatures
  An adder (D:2)
  4 endoplasms (D:1)
  2 goblins
  2 hobgoblins (D:1)
  A quokka (D:1)
  4 ball pythons
  A bat (D:1)
  4 frilled lizards (D:1)
  4 kobolds
  5 rats (D:1)
28 creatures vanquished.

Vanquished Creatures (others)
  A fungus (D:1)
  4 toadstools (D:1)
5 creatures vanquished.

Grand Total: 33 creatures vanquished

Notes
Turn   | Place    | Note
-------+----------+-------------------------------------------
     0 | D:1      | polve the Demonspawn Gladiator began the quest for the Orb.
     0 | D:1      | Reached XP level 1. HP: 16/16 MP: 1/1
    16 | D:1      | Found a faded altar of an unknown god.
   284 | D:1      | Reached skill level 3 in Polearms
   538 | D:1      | Gained mutation: You are partially covered in large bone
                  | plates. (SH +4) [demonic ancestry]
   538 | D:1      | Reached XP level 2. HP: 22/22 MP: 2/2
  1419 | D:2      | Gained mutation: You sometimes gain a little power by
                  | taking damage. [demonic ancestry]
  1419 | D:2      | Reached XP level 3. HP: 2/27 MP: 3/3
  1429 | D:2      | Reached skill level 4 in Polearms
  1431 | D:2      | HP: 1/27 [dart slug (2)]
  1436 | D:2      | Killed from afar by a dart slug

Illustrated notes

Levels and vault maps discovered:
D:1:      dpeg_arrival_ratfight, layout_basic,
          ebering_ecumenical_altar_sacrificial, minmay_gold_behind_fungi
D:2:      layout_basic, serial_bayou, serial_bayou_pond_a, serial_bayou_pond_d,
          serial_bayou_lagoon_a, serial_bayou_pond_b, serial_bayou_shore_a,
          serial_bayou_shore_b

Skill      XL: |  1  2  3 |
---------------+----------+-----
Polearms       | 3 4 |  4.0
Fighting       | |  2.0
Throwing       | |  1.7
Dodging        | |  2.6

Action                   || total
-------------------------++-------
Melee: Trident           ||    92
 Stab: Sleeping          ||     2
Armor: Leather armour    ||    17
Dodge: Dodged            ||    42
Block: Other             ||     6

Table legend: (Time is in decaauts)
 A = Elapsed time spent in this place.
 B = Non-inter-level travel time spent in this place.
 C = Inter-level travel time spent in this place.
 D = Time resting spent in this place.
 E = Time spent auto-exploring this place.
 F = Levels seen in this place.
 G = Mean time per level.
                   A        B        C        D        E       F      G
               +--------+--------+--------+--------+--------+-----+--------+
         Total |   1449 |   1404 |     45 |      0 |   1217 |   2 |  724.5 |
       Dungeon |   1449 |   1404 |     45 |      0 |   1217 |   2 |  724.5 |
               +--------+--------+--------+--------+--------+-----+--------+

Top non-repeatable levels by time:
     D:1: 1365 daAuts
     D:2: 83 daAuts
